 Dungeon Crawl Stone Soup version 0.23.2 (webtiles) character file.

Game seed: 10112128092644030157

466 Norn the Ruffian (level 6, 0/47 HPs)
             Began as a Draconian Transmuter on Apr 7, 2019.
             Was an Initiate of Makhleb.
             Slain by a centaur (8 damage)
             ... on level 5 of the Dungeon.
             The game lasted 00:11:04 (4932 turns).

Norn the Ruffian (Draconian Transmuter)             Turns: 4932, Time: 00:11:05

Health: 0/47       AC:  2    Str: 13    XL:     6   Next: 81%
Magic:  6/9        EV: 19    Int: 15    God:    Makhleb [......]
Gold:   177        SH:  0    Dex: 16    Spells: 3/9 levels left

rFire    . . .     SeeInvis .     - Unarmed
rCold    . . .     Gourm    .   (shield currently unavailable)
rNeg     . . .     Faith    .   (armour unavailable)
rPois    x         Spirit   .   (helmet currently unavailable)
rElec    .         Reflect  .   (cloak currently unavailable)
rCorr    .         Harm     .   (gloves currently unavailable)
MR       .....                  (boots currently unavailable)
Stlth    +.........             (no amulet)
HPRegen  0.15/turn              (no ring)
MPRegen  0.11/turn              (no ring)

@: spider-form
A: tiny, unfitting armour, AC +6
a: End Transformation, Renounce Religion


You were on level 5 of the Dungeon.
You worshipped Makhleb.
Makhleb was noncommittal.
You were not hungry.
You were a venomous arachnid creature.
You visited 2 branches of the dungeon, and saw 6 of its levels.

You collected 177 gold pieces.

Inventory:

Hand Weapons
 j - a +0 hunting sling
   (You took it off a goblin on level 3 of the Dungeon)
Missiles
 a - 54 arrows
 c - 103 stones (quivered)
 i - 9 poisoned needles
 u - 26 sling bullets
Armour
 f - a scarf of resistance
   (You found it on level 5 of the Dungeon)
Jewellery
 b - an uncursed amulet of the gourmand
   (You found it on level 4 of the Dungeon)
 d - an uncursed ring of fire {unknown}
   (You found it on level 2 of the Dungeon)
 k - an uncursed ring of poison resistance {unknown}
   (You found it on level 2 of the Dungeon)
Wands
 t - a wand of flame (17)
   (You found it on level 5 of the Dungeon)
 x - a wand of acid (15)
   (You found it on level 5 of the Dungeon)
Scrolls
 h - a scroll of noise {unknown}
 o - a scroll of fear {unknown}
 p - 3 scrolls of amnesia {unknown}
 q - a scroll of fog {unknown}
 r - 2 scrolls of remove curse {unknown}
 w - a scroll of enchant armour {unknown}
Potions
 g - a potion of lignification {unknown}
 l - a potion of heal wounds {unknown}
 m - a potion of magic
 n - 2 potions of brilliance
 s - a potion of mutation {!q}
 v - a potion of berserk rage
 z - a potion of agility {unknown}
Comestibles
 e - 14 rations {!d}


   Skills:
 - Level 1.1 Fighting
 - Level 1.7 Dodging
 + Level 5.9 Unarmed Combat
 - Level 2.0 Spellcasting
 + Level 5.3 Transmutations


You had 3 spell levels left.
You knew the following spells:

 Your Spells              Type           Power        Failure   Level  Hunger
a - Beastly Appendage     Tmut           ###...       10%         1    #......
s - Sticks to Snakes      Tmut           ###.....     12%         2    ###....
x - Spider Form           Tmut/Pois      #.........   43%         3    ###....

Your spell library contained the following spells:

 Spells                   Type           Power        Failure   Level  Hunger
 Animate Skeleton         Necr           N/A          43%         1    #......
 Apportation              Tloc           #.....       43%         1    #......
 Confusing Touch          Hex            #.....       43%         1    #......
 Freeze                   Ice            #...         43%         1    #......
 Summon Small Mammal      Summ           #...         43%         1    #......
 Throw Frost              Conj/Ice       #.....       54%         2    ###....
 Ozocubu's Armour         Chrm/Ice       #.......     75%         3    ###....
 Blade Hands              Tmut           ###.......   77%         5    ######.
 Ice Form                 Ice/Tmut       #.......     78%         4    #####..
 Summon Ice Beast         Ice/Summ       #.......     98%         4    #####..
 Throw Icicle             Conj/Ice       #.......     98%         4    #####..


Dungeon Overview and Level Annotations

Branches:
Dungeon (5/15)             Temple (1/1) D:4

Altars:
Ashenzari
Cheibriados
Dithmenos
Fedhas
Gozag
Hepliaklqana
Kikubaaqudgha
Makhleb
Okawaru
Ru
Sif Muna
Trog
Uskayaw
Vehumet
Wu Jian
Yredelemnul
The Shining One

Annotations:
D:3 1 runed translucent door, Peloso's ghost, weakling MiFi


Innate Abilities, Weirdness & Mutations

((Your plain brown scales are hard. (AC +6)))
You cannot fit into any form of body armour.
((You are cold-blooded and may be slowed by cold attacks.))


Message History

You feel sick.
Your transformation is almost over.
You feel sick.
You feel sick.
You feel sick.
You feel sick.
You feel sick.
You feel sick.
You feel sick.
You feel sick.
You feel sick.
You feel sick.
Your transformation has ended.
You feel sick.
You feel sick.
You feel sick.
You feel sick.
You see here a dagger.
You feel sick.
You feel sick.
You feel sick.
You feel sick.
You feel sick.
You are no longer poisoned.
You see here a +0 hand axe.
Things that are here:
a +0 leather armour; an orc skeleton
Found a ration.
A giant cockroach comes into view.
A centaur comes into view.
The centaur moves out of view.
The centaur wields a +0 shortbow.
The centaur shoots an arrow.
The arrow hits you but does no damage.
You see here an arrow.
The centaur shoots an arrow.
The arrow hits you!
* * * LOW HITPOINT WARNING * * *
The centaur shoots an arrow.
The arrow hits you!
* * * LOW HITPOINT WARNING * * *
All of the chunks of flesh in your inventory have rotted away.
You see here an arrow.
The centaur unwields a +0 shortbow.
The centaur barely misses you.
You turn into a venomous arachnid creature.
The centaur barely misses you.
You bite the centaur!
The centaur is poisoned.
The centaur hits you.
* * * LOW HITPOINT WARNING * * *
The centaur hits you.
* * * LOW HITPOINT WARNING * * *
You bite the centaur!
The centaur looks as sick as possible!
The centaur hits you!
You die...

.........#.##......##
##...................
...................#
.#.......#.........#
.#.................#
.....<.........%...#####
........................
.....#..............##.#
.....#........((s.......
.....##.......###c..#...
.....##'##...## s.....#
.............# ......#
.#............. .......
................ .......
................ .......
.....>.......... ..#....
........### .#


You could see a centaur and a giant cockroach.

Vanquished Creatures
  Sigmund (D:3)
  2 orc wizards (D:5)
  A bullfrog skeleton (D:4)
  An iguana (D:4)
  A worker ant (D:5)
  A hound skeleton (D:4)
  Robin (D:3)
  An adder (D:4)
  3 gnolls (D:3)
  An adder skeleton (D:4)
  2 worms
  3 dart slugs (D:1)
  6 leopard geckos
  10 orcs
  4 bats
  2 giant cockroaches
  18 goblins
  10 hobgoblins
  9 jackals
  3 ball pythons
  4 frilled lizards
  A jackal skeleton (D:2)
  7 kobolds
  A quokka skeleton (D:5)
  6 rats
99 creatures vanquished.

Vanquished Creatures (collateral kills)
  Terence (D:2)
  A gnoll (D:3)
  A goblin (D:3)
  A bat (D:3)
4 creatures vanquished.

Grand Total: 103 creatures vanquished

Notes
Turn   | Place    | Note
-------+----------+-------------------------------------------
     0 | D:1      | Norn the Draconian Transmuter began the quest for the Orb.
     0 | D:1      | Reached XP level 1. HP: 16/16 MP: 3/3
   155 | D:1      | Reached XP level 2. HP: 21/23 MP: 5/5
   450 | D:1      | Reached XP level 3. HP: 20/28 MP: 6/6
   710 | D:2      | Noticed Terence
   734 | D:2      | Learned a level 2 spell: Sticks to Snakes
   738 | D:2      | Learned a level 3 spell: Spider Form
   754 | D:2      | Killed Terence
  1008 | D:2      | Reached XP level 4. HP: 35/35 MP: 7/7
  1040 | D:2      | Found a deep blue altar of Sif Muna.
  1042 | D:2      | You fall through a shaft!
  1253 | D:3      | Noticed Sigmund
  1335 | D:3      | Killed Sigmund
  1335 | D:3      | Reached XP level 5. HP: 29/40 MP: 2/8
  1518 | D:3      | Noticed Robin
  1564 | D:3      | Killed Robin
  1564 | D:3      | Reached skill level 5 in Unarmed Combat
  2037 | D:2      | Found a snail-covered altar of Cheibriados.
  2300 | D:3      | Found a hazy altar of Hepliaklqana.
  2338 | D:3      | Found a bloodstained altar of Trog.
  2747 | D:3      | Reached XP level 6. HP: 29/47 MP: 5/9
  2980 | D:3      | Found a runed translucent door.
  2985 | D:3      | Noticed Peloso's ghost (weakling MiFi)
  3205 | D:3      | Found a basalt altar of Yredelemnul.
  3206 | D:3      | Found a shattered altar of Ashenzari.
  3550 | D:4      | Reached skill level 5 in Transmutations
  3854 | D:4      | Found a staircase to the Ecumenical Temple.
  3894 | Temple   | Entered the Ecumenical Temple
  4119 | Temple   | Became a worshipper of Makhleb the Destroyer
  4340 | D:5      | Entered Level 5 of the Dungeon
  4932 | D:5      | Slain by a centaur

Skill      XL: |  1  2  3  4  5  6 |
---------------+-------------------+-----
Transmutations | 3 4 5 |  5.3
Unarmed Combat | 4 5 |  5.9
Fighting       | |  1.1
Dodging        | |  1.7
Spellcasting   | |  2.0

Action                   |  1- 3 |  4- 6 || total
-------------------------+-------+-------++-------
Melee: Unarmed           |   145 |   249 ||   394
       Kick              |     1 |     5 ||     6
       Punch             |     1 |     2 ||     3
       Tailslap          |    15 |    10 ||    25
       Headbutt          |     1 |     7 ||     8
 Cast: Beastly Appendage |     2 |     6 ||     8
       Sticks to Snakes  |     3 |     6 ||     9
       Spider Form       |       |     9 ||     9
  Use: Scroll            |       |     6 ||     6
 Stab: Sleeping          |       |     1 ||     1
  Eat: Chunk             |     1 |    14 ||    15
Armor: Skin              |    32 |    59 ||    91
Dodge: Dodged            |    85 |   166 ||   251
